 Dungeon Crawl Stone Soup version 0.28-a0-845-gfc338a8e3c (webtiles) character file.

Game seed: 5388388014013412307

359 siradein the Poker (level 6, -4/48 HPs)
             Began as a Merfolk Gladiator on Nov 12, 2021.
             Slain by a black bear (7 damage)
             ... on level 4 of the Dungeon.
             The game lasted 00:08:34 (4432 turns).

siradein the Poker (Merfolk Gladiator)              Turns: 4432, Time: 00:08:35

Health: -4/48      AC:  5    Str: 15    XL:     6   Next: 65%
Magic:  6/6        EV: 14    Int:  7    God:
Gold:   85         SH:  0    Dex: 17    Spells: 5/5 levels left

rFire   . . .      SeeInvis .   a - +0 trident
rCold   . . .      Faith    .   (no shield)
rNeg    . . .      Spirit   .   b - +0 leather armour
rPois   .          Reflect  .   c - +0 helmet
rElec   .          Harm     .   v - +0 cloak
rCorr   .          Rampage  .   (no gloves)
Will    .....                   (no boots)
Stlth   +.........              (no amulet)
HPRegen 0.16/turn               (no ring)
MPRegen 0.10/turn               (no ring)

@: no status effects
A: (nimble swimmer 2), mertail
a: no special abilities


You were on level 4 of the Dungeon.
You visited 1 branch of the dungeon, and saw 4 of its levels.

You collected 85 gold pieces.

Inventory:

Hand Weapons
 a - a +0 trident (weapon)
Missiles
 d - 3 throwing nets
 f - 110 stones (quivered)
 n - 4 curare-tipped darts
Armour
 b - a +0 leather armour (worn)
 c - a +0 helmet (worn)
 v - a +0 cloak (worn)
Scrolls
 i - a scroll of fear
 j - a scroll of vulnerability {unknown}
 k - 3 scrolls of teleportation
 l - a scroll of summoning {unknown}
 m - 2 scrolls of blinking
 p - a scroll of fog {unknown}
 r - a scroll of immolation {unknown}
 t - a scroll of brand weapon {unknown}
Potions
 e - a potion of might {unknown}
 g - a potion of heal wounds {unknown}
 h - 4 potions of haste
 o - a potion of flight {unknown}
 q - a potion of lignification {unknown}
 s - a potion of curing {unknown}
 u - a potion of berserk rage {unknown}


   Skills:
 + Level 3.7 Fighting
 + Level 6.1 Polearms
 + Level 3.5 Throwing
 + Level 1.9 Armour
 + Level 5.5 Dodging


You had 5 spell levels left.
You didn't know any spells.
Your spell library contained the following spells:

 Spells                   Type           Power      Damage    Failure   Level
 Sting                    Tmut/Pois      0%         1d3       50%         1
 Summon Small Mammal      Summ           0%         N/A       50%         1
 Poisonous Vapours        Pois/Air       0%         N/A       65%         2
 Call Canine Familiar     Summ           0%         N/A       86%         3
 Summon Guardian Golem    Hex/Summ       0%         N/A       86%         3
 Olgreb's Toxic Radiance  Pois           0%         N/A       99%         4
 Summon Forest            Summ/Tloc      0%         N/A       100%        5
 Eringya's Noxious Bog    Tmut/Pois      0%         N/A       100%        6
 Disjunction              Tloc           0%         N/A       100%        8


Dungeon Overview and Level Annotations

Branches:
Dungeon (4/15)
 Temple: D:4-7

Altars:

Shops:
D:1 *=


Innate Abilities, Weirdness & Mutations

((You are quick and stealthy near water. (Stealth+, EV+, Speed+++)))
Your lower body shifts to a powerful aquatic tail in water.


Message History

You hit the black bear.
The black bear is almost dead.
The black bear goes berserk!
You hit the black bear.
The black bear is almost dead.
The black bear bites you.
The black bear claws you but does no damage. x2
The black bear bites you. The black bear claws you.
The black bear closely misses you.
You hit the black bear.
The black bear is almost dead.
The black bear bites you. The black bear barely misses you.
The black bear claws you but does no damage.
You are too injured to fight recklessly!
You are too injured to fight recklessly!
You are too injured to fight recklessly!
You are too injured to fight recklessly!
You completely miss the black bear.
The black bear is almost dead.
The black bear misses you. The black bear claws you. x2
The black bear closely misses you. x2; The black bear claws you.
* * * LOW HITPOINT WARNING * * *
You barely miss the black bear.
The black bear is almost dead.
The black bear bites you!
* * * LOW HITPOINT WARNING * * *
The black bear claws you but does no damage.
The black bear misses you.
You barely miss the black bear.
The black bear is almost dead.
The black bear bites you.
* * * LOW HITPOINT WARNING * * *
The black bear claws you but does no damage. x2
The black bear bites you but does no damage.
The black bear claws you but does no damage.
The black bear barely misses you.
You hit the black bear but do no damage.
The black bear is almost dead.
The black bear bites you!
You die...

# # # ......## .#. .
..##.##.#. # #.#
.............
##.#####.###.# . #....#.
....>........###.#####..#.
#........... .........#
#).###.####.####).#.
#..#..............##
#..@h........###..##
#..#......<....#..##
#..##.#####..#.#..##
#..##.# #..#.#....
#..##.## #...#...##
#......# #..###..#
##.##..# #...#..###
#.##..# ##..#.#....
#.##..###..........


You could see a black bear (berserk).

Vanquished Creatures
  A hound (D:4)
  2 orc priests
  An orc wizard (D:4)
  2 hound zombies (D:3)
  7 gnolls
  5 adders
  An adder zombie (D:3)
  3 dart slugs
  9 orcs
  6 ball pythons
  6 endoplasms (D:1)
  7 giant cockroaches
  4 goblins
  7 hobgoblins
  4 jackals (D:2)
  5 quokkas
  5 bats
  A frilled lizard (D:3)
  A jackal skeleton (D:3)
  5 kobolds
  10 rats
92 creatures vanquished.

Vanquished Creatures (others)
  An orc wizard (D:4)
  A plant (D:1)
  4 withered plants (D:1)
6 creatures vanquished.

Grand Total: 98 creatures vanquished

Notes
Turn   | Place    | Note
-------+----------+-------------------------------------------
     0 | D:1      | siradein the Merfolk Gladiator began the quest for the Orb.
     0 | D:1      | Reached XP level 1. HP: 16/16 MP: 1/1
    29 | D:1      | Got Zucsaxen's Reference Book on the Virous Traveller
   113 | D:1      | Reached XP level 2. HP: 6/23 MP: 2/2
   564 | D:1      | Reached XP level 3. HP: 27/28 MP: 3/3
   599 | D:1      | Found a faded altar of an unknown god.
   694 | D:1      | Found Orah's Jewellery Shop.
   709 | D:1      | Found Sautit's Assorted Antiques.
  1245 | D:2      | Reached skill level 5 in Polearms
  1721 | D:2      | Reached XP level 4. HP: 31/34 MP: 4/4
  1777 | D:2      | Reached skill level 1 in Armour
  2689 | D:3      | Reached XP level 5. HP: 25/41 MP: 5/5
  2882 | D:3      | Reached skill level 5 in Dodging
  3531 | D:4      | Reached XP level 6. HP: 28/47 MP: 6/6
  3876 | D:4      | Reached skill level 6 in Polearms
  4071 | D:4      | Identified the +9 mace of the Undead {spect, rF+ rC- rCorr}
  4403 | D:4      | Noticed a black bear
  4432 | D:4      | Slain by a black bear

Illustrated notes

Levels and vault maps discovered:
D:1:      lemuel_arrival_rhombus, layout_rooms,
          shapermc_ecumenical_altar_flowoftime, serial_shops,
          nicolae_shop_behind_doors, shop
D:2:      layout_loops_corners
D:3:      layout_rooms, serial_undead, serial_undead_c, serial_undead_b,
          serial_undead_b, serial_undead_a
D:4:      layout_loops_ring

Skill      XL: |  1  2  3  4  5  6 |
---------------+-------------------+-----
Polearms       | 5 6 |  6.1
Armour         | 1 |  1.9
Fighting       | 3 |  3.7
Throwing       | 3 |  3.5
Dodging        | 5 |  5.5

Action                   |  1- 3 |  4- 6 || total
-------------------------+-------+-------++-------
Melee: Trident           |   151 |   203 ||   354
Throw: Stone             |       |     2 ||     2
  Use: Scroll            |       |     4 ||     4
 Stab: Sleeping          |     1 |     2 ||     3
Armor: Leather armour    |    43 |    52 ||    95
Dodge: Dodged            |    92 |   109 ||   201

Table legend: (Time is in decaauts)
 A = Elapsed time spent in this place.
 B = Non-inter-level travel time spent in this place.
 C = Inter-level travel time spent in this place.
 D = Time resting spent in this place.
 E = Time spent auto-exploring this place.
 F = Levels seen in this place.
 G = Mean time per level.
                   A        B        C        D        E       F      G
               +--------+--------+--------+--------+--------+-----+--------+
         Total |   4447 |   4386 |     61 |    395 |   3168 |   4 | 1111.8 |
       Dungeon |   4447 |   4386 |     61 |    395 |   3168 |   4 | 1111.8 |
               +--------+--------+--------+--------+--------+-----+--------+

Top non-repeatable levels by time:
     D:2: 1277 daAuts
     D:1: 1115 daAuts
     D:3: 1114 daAuts
     D:4: 940 daAuts
